 Dungeon Crawl Stone Soup version 0.24.0-37-gcf1ca852f1 (webtiles) character file.

Game seed: 1550692241526095391, levelgen mode: deterministic

9114 MrBoozer the Grappler (level 11, -5/103 HPs)
             Began as a Troll Chaos Knight on Nov 24, 2019.
             Was a Plaything of Xom.
             Killed from afar by an orc sorcerer (31 damage)
             ... with a bolt of negative energy
             ... on level 1 of the Orcish Mines.
             The game lasted 00:36:31 (7248 turns).

MrBoozer the Grappler (Troll Chaos Knight)          Turns: 7248, Time: 00:36:32

Health: -5/103     AC: 13    Str: 28 (29) XL:     11   Next: 18%
Magic:  18/20      EV: 12    Int:  8      God:    Xom [...*..]
Gold:   347        SH:  7    Dex: 11      Spells: 9/10 levels left

rFire    x . .     SeeInvis +     - Unarmed
rCold    + . .     Gourm    +   (no shield)
rNeg     . . .     Faith    .   a - +2 robe
rPois    .         Spirit   .   g - +2 hat
rElec    .         Reflect  +   (no cloak)
rCorr    .         Harm     .   (gloves unavailable)
MR       .....     Clarity  +   (boots unavailable)
Stlth    ++........             u - +3 amulet of reflection
HPRegen  0.67/turn              k - ring "Mujon" {Ice +Fly}
MPRegen  0.17/turn              F - ring of Jiucw {MP+9 Str+2 Dex+2 SInv}

@: drained
A: large, unfitting armour, antennae 1, claws 3, fangs 1, hooves 1, large bone
plates 1, rugged brown scales 1, yellow scales 1, clarity, deterioration 1, fast
metabolism 3, gourmand, regeneration 1, shaggy fur 1, strong 1, tough skin 3,
MP-powered wands
a: Renounce Religion, Evoke Flight


You were on level 1 of the Orcish Mines.
You worshipped Xom.
You were a favourite toy of Xom.
You were very full.

You visited 2 branches of the dungeon, and saw 11 of its levels.
You also visited: Bailey.

You collected 683 gold pieces.
You spent 336 gold pieces at shops.

Inventory:

Armour
 a - a +2 robe (worn)
 g - a +2 hat (worn)
Jewellery
 h - the ring "Janul" {Ice Int+3}
   (You bought it in a shop on level 8 of the Dungeon)

   [ring of ice]

   It enhances your ice magic.
   It affects your intelligence (+3).
   It makes you vulnerable to fire.
   It protects you from cold.
 k - the ring "Mujon" (left claw) {Ice +Fly}
   (You acquired it on level 5 of the Dungeon)

   [ring of ice]

   It enhances your ice magic.
   It makes you vulnerable to fire.
   It protects you from cold.
   It lets you fly.
 l - an uncursed ring of positive energy
 m - an uncursed ring of magical power
 u - a +3 amulet of reflection (around neck)
 y - an uncursed ring of positive energy
 D - an uncursed ring of magical power
 F - the ring of Jiucw (right claw) {MP+9 Str+2 Dex+2 SInv}
   (You found it on level 9 of the Dungeon)

   [ring of see invisible]

   It affects your strength (+2).
   It affects your dexterity (+2).
   It affects your magic capacity (+9).
   It lets you see invisible.
Wands
 i - a wand of disintegration (8)
 E - a wand of iceblast (8)
 H - a wand of flame (6)
Scrolls
 d - a scroll of noise
 e - 2 scrolls of amnesia
 f - a scroll of magic mapping
 o - a scroll of fear {unknown}
 s - a scroll of remove curse
 t - a scroll of enchant armour
 v - 3 scrolls of identify
 w - 3 scrolls of teleportation {unknown}
 A - a scroll of immolation {unknown}
 B - 2 scrolls of enchant weapon
Potions
 c - a potion of flight {unknown}
 j - 2 potions of agility {unknown}
 n - a potion of lignification {unknown}
 p - 2 potions of brilliance {unknown}
 q - a potion of mutation {unknown}
 r - a potion of resistance {unknown}
 x - 2 potions of haste {unknown}
 z - a potion of cancellation {unknown}
 C - a potion of heal wounds
 G - a potion of might {unknown}
 I - a potion of curing
Comestibles
 b - 18 rations


   Skills:
 + Level 4.3(3.4) Fighting
 + Level 6.8(5.9) Dodging
 + Level 3.1(2.3) Stealth
 + Level 13.5(12.4) Unarmed Combat
 + Level 0.1(0.0) Spellcasting
 + Level 0.1(0.0) Summonings
 + Level 2.1(1.3) Evocations


You had 9 spell levels left.
You knew the following spells:

 Your Spells              Type           Power        Failure   Level  Hunger
a - Summon Small Mammal   Summ           #...         41%         1    ##.....

Your spell library contained the following spells:

 Spells                   Type           Power        Failure   Level  Hunger
 Animate Skeleton         Necr           N/A          41%         1    ##.....
 Apportation              Tloc           #.....       41%         1    ##.....
 Confusing Touch          Hex            #.....       41%         1    ##.....


Dungeon Overview and Level Annotations

Branches:
Dungeon (10/15)            Temple (0/1) D:7             Orc (1/2) D:10
 Bailey (visited)
   Lair: D:8-11

Altars:
Cheibriados
Dithmenos
Fedhas
Gozag
Qazlal
Ru
Sif Muna
Xom
Yredelemnul
Beogh

Shops:
D:8 *   Orc:1 =


Innate Abilities, Weirdness & Mutations

You are too large for most types of armour.
You have claws for hands.
Your metabolism is lightning-fast.
You like to eat raw meat.
Your natural rate of healing is unusually fast.
You are covered in fur. (AC +1)
You have extremely tough skin. (AC +3)
You have a pair of small antennae on your head.
You have very sharp teeth.
You have large cloven feet.
You are partially covered in large bone plates. (SH +4)
You are partially covered in rugged brown scales. (AC +1, +3% HP)
You are partially covered in yellow scales. (AC +2)
You possess an exceptional clarity of mind.
Your body sometimes deteriorates upon taking damage.
Your muscles are strong. (Str +2)
You expend magic power (3 MP) to strengthen your wands.


Message History

The orc wizard mumbles some strange words.
The orc wizard blinks!
The orc sorcerer hits you but does no damage.
You completely miss the orc sorcerer. Your kick misses the orc sorcerer.
The orc sorcerer is heavily wounded.
The orc warrior hits you from afar with a +0 glaive!
The orc sorcerer wildly gestures.
The orc sorcerer shimmers violently.
The orc sorcerer hits you.
The orc wizard gestures wildly while chanting.
The orc wizard blinks!
You scratch the orc sorcerer.
The orc sorcerer is heavily wounded.
The orc sorcerer hits you but does no damage.
The orc warrior hits you from afar with a +0 glaive!!
* * * LOW HITPOINT WARNING * * *
Your +0 dagger hits the orc warrior!!
The orc sorcerer casts a spell at you. The bolt of negative energy hits you!!
You feel drained.
You die...

## .# ### ###.##.#§.##
##.####.........(#
#...##...........##
##...#.#....#..§.§∩#
##..@○oo(..(....o....
#......(...)(...§..§.
#....#................
##..............§$....
###...#...§..........
##.................
#........%.>......
....#......#.......
##..#..............


You could see an orc sorcerer, an orc warrior and a friendly +0 dagger.

Vanquished Creatures
  Harold (D:8)
  A two-headed ogre (D:9)
  Maurice (D:8)
  Joseph (D:9)
  A komodo dragon (D:9)
  2 trolls
  A hornet (D:8)
  A hippogriff (D:8)
  Sigmund (D:6)
  2 hungry ghosts
  3 water moccasins
  10 orc warriors
  2 phantoms
  2 black bears
  3 ice beasts (D:5)
  5 ogres
  3 centaurs
  2 big kobolds
  A bullfrog (D:9)
  5 scorpions
  8 wights
  3 howler monkeys
  5 crimson imps
  A bullfrog zombie (D:10)
  3 jellies
  A quasit (D:9)
  3 hounds
  9 orc wizards
  A bullfrog skeleton (D:8)
  3 centaur skeletons
  8 orc priests
  6 iguanas
  2 worker ants
  2 hound skeletons
  A howler monkey zombie (D:6)
  A howler monkey skeleton (D:7)
  7 gnolls
  13 adders
  A shadow imp (D:7)
  An ooze (D:2)
  An adder skeleton (D:5)
  A worm (D:2)
  A dart slug (D:2)
  7 leopard geckos
  66 orcs
  A ball python (D:3)
  3 giant cockroaches
  16 hobgoblins
  12 jackals
  11 kobolds
  4 quokkas
  6 bats
  6 frilled lizards
  23 goblins
  A jackal skeleton (D:5)
  A quokka skeleton (D:4)
  9 rats
296 creatures vanquished.

Vanquished Creatures (collateral kills)
  A cyclops (Orc:1)
  2 orc warriors (Bailey)
  A sky beast (D:6)
  An ogre (D:6)
  An orc priest (D:8)
  An orc wizard (D:6)
  7 orcs
  A hobgoblin (Bailey)
  5 kobolds (D:8)
  A goblin (Bailey)
21 creatures vanquished.

Vanquished Creatures (others)
  A centaur (D:8)
  A big kobold (D:8)
  A goblin (Bailey)
  2 kobolds (D:8)
5 creatures vanquished.

Grand Total: 322 creatures vanquished

Notes
Turn   | Place    | Note
-------+----------+-------------------------------------------
     0 | D:1      | MrBoozer the Troll Chaos Knight began the quest for the
                  | Orb.
     0 | D:1      | Reached XP level 1. HP: 22/22 MP: 0/0
    44 | D:1      | Reached XP level 2. HP: 29/29 MP: 1/1
   242 | D:1      | Found a snail-covered altar of Cheibriados.
   245 | D:1      | XOM: silly message
   271 | D:1      | XOM: divination: detect creatures
   331 | D:1      | Reached XP level 3. HP: 36/36 MP: 2/2
   346 | D:1      | XOM: potion effect (brilliance)
   364 | D:1      | XOM: divination: detect items
   509 | D:2      | Found a basalt altar of Yredelemnul.
   615 | D:2      | XOM: potion effect (haste)
   718 | D:2      | Reached skill level 4 in Unarmed Combat
   718 | D:2      | Reached XP level 4. HP: 44/45 MP: 3/3
   825 | D:2      | Found a shimmering blue altar of Sif Muna.
   870 | D:2      | Found an opulent altar of Gozag.
  1000 | D:3      | XOM: harmless Tmut miscast
  1051 | D:3      | XOM: enchant monster (bad)
  1073 | D:3      | XOM: summons friendly quasit
  1092 | D:3      | XOM: confuse monster(s)
  1093 | D:3      | Reached XP level 5. HP: 37/53 MP: 4/4
  1097 | D:3      | XOM: butterfly on damage
  1102 | D:3      | Reached skill level 5 in Unarmed Combat
  1482 | D:3      | XOM: divination: magic mapping
  1522 | D:3      | XOM: harmless Erth miscast
  1526 | D:3      | XOM: cloud trail
  1678 | D:3      | Reached XP level 6. HP: 49/61 MP: 5/5
  1858 | D:4      | Reached skill level 6 in Unarmed Combat
  1924 | D:4      | Reached XP level 7. HP: 60/67 MP: 6/6
  1955 | D:4      | Found a sacrificial altar of Ru.
  1955 | D:4      | Found a shadowy altar of Dithmenos.
  2000 | D:4      | XOM: divination: magic mapping
  2035 | D:4      | XOM: harmless Conj miscast
  2063 | D:4      | XOM: enchant monster (good)
  2068 | D:4      | XOM: mild Erth miscast
  2070 | D:4      | Found a blossoming altar of Fedhas.
  2094 | D:4      | XOM: smoke on damage
  2106 | D:4      | XOM: enchant monster (good)
  2112 | D:4      | XOM: noise
  2124 | D:4      | Reached skill level 7 in Unarmed Combat
  2341 | D:5      | Entered Level 5 of the Dungeon
  2343 | D:5      | XOM: silly message
  2344 | D:5      | Reached skill level 1 in Stealth
  2348 | D:5      | XOM: silly message
  2455 | D:5      | Reached XP level 8. HP: 59/75 MP: 7/7
  2592 | D:5      | XOM: harmless Pois miscast
  2595 | D:5      | Reached skill level 8 in Unarmed Combat
  2734 | D:5      | Identified a scroll of acquirement
  2737 | D:5      | Got a translucent iron ring
  2739 | D:5      | Identified the ring "Mujon" {Ice +Fly} (You acquired it on
                  | level 5 of the Dungeon)
  2812 | D:5      | XOM: silly message
  3029 | D:6      | Noticed Sigmund
  3036 | D:6      | Killed Sigmund
  3036 | D:6      | Reached skill level 9 in Unarmed Combat
  3036 | D:6      | XOM: harmless Chrm miscast
  3054 | D:6      | XOM: harmless Chrm miscast
  3212 | D:6      | XOM: severe Tmut miscast
  3212 | D:6      | Gained mutation: Scrolls take you a little longer to read.
                  | [the severe capriciousness of Xom]
  3325 | D:6      | XOM: 2-stop teleportation journey
  3390 | D:6      | XOM: potion effect (haste)
  3440 | D:6      | XOM: mild Erth miscast
  3541 | D:6      | XOM is BORED!
  3541 | D:6      | XOM: medium Summ miscast
  3542 | D:6      | Noticed an orange demon
  3562 | D:6      | XOM: cast spell 'Summon Dragon'
  3569 | D:6      | Reached XP level 9. HP: 83/83 MP: 8/8
  3688 | D:7      | Found a stormy altar of Qazlal.
  3693 | D:7      | Reached skill level 10 in Unarmed Combat
  3694 | D:7      | XOM: harmless Tloc miscast
  3775 | D:7      | XOM: give mutations
  3775 | D:7      | Gained mutation: You are partially covered in large bone
                  | plates. (SH +4) [Xom's grace]
  3775 | D:7      | Gained mutation: You possess an exceptional clarity of
                  | mind. [Xom's grace]
  3775 | D:7      | Gained mutation: You have very sharp teeth. [Xom's grace]
  3874 | D:7      | Found a staircase to the Ecumenical Temple.
  3881 | D:7      | Found a flagged portal.
  3935 | Bailey   | Entered a bailey
  4015 | Bailey   | XOM: summons friendly quasit
  4027 | Bailey   | XOM: destruction
  4190 | Bailey   | XOM: summons friendly smoke demon
  4207 | Bailey   | Identified the +12 crystal plate armour "Wodett" {rC+ rCorr
                  | Str-4}
  4224 | Bailey   | Reached skill level 5 in Dodging
  4225 | Bailey   | Noticed an orc knight
  4226 | Bailey   | Noticed an orc knight
  4227 | Bailey   | Noticed an orc warlord
  4239 | Bailey   | Reached skill level 1 in Evocations
  4283 | Bailey   | XOM: confuse monster(s)
  4290 | D:7      | XOM: polymorph gnoll -> orc
  4465 | D:7      | XOM: give mutations
  4465 | D:7      | Gained mutation: You have large cloven feet. [Xom's grace]
  4465 | D:7      | Gained mutation: You expend magic power (3 MP) to
                  | strengthen your wands. [Xom's grace]
  4465 | D:7      | Gained mutation: Your muscles are strong. (Str +2) [Xom's
                  | grace]
  4546 | D:7      | XOM: medium Pois miscast
  4912 | D:8      | XOM: summons friendly shadow imp
  4912 | D:8      | Noticed Maurice
  4924 | D:8      | XOM: scenery: create altars
  4947 | D:8      | Reached skill level 11 in Unarmed Combat
  4955 | D:8      | XOM: destruction
  4959 | D:8      | Noticed Harold
  4961 | D:8      | XOM: fog
  4972 | D:8      | XOM: cleaving
  4976 | D:8      | XOM: cleaving
  4978 | D:8      | Killed Harold
  4978 | D:8      | Reached XP level 10. HP: 80/92 MP: 10/10
  4999 | D:8      | XOM: fake destruction
  5004 | D:8      | XOM: 4-stop teleportation journey
  5112 | D:8      | XOM: summons 2 friendly demons
  5113 | D:8      | XOM: blink monster(s)
  5151 | D:8      | XOM: enchant monster (bad)
  5154 | D:8      | Reached skill level 12 in Unarmed Combat
  5165 | D:8      | XOM: medium Tmut miscast
  5305 | D:8      | XOM: enchant monster (bad)
  5306 | D:8      | Paralysed by Maurice for 7 turns
  5307 | D:8      | XOM: enchant monster (good)
  5308 | D:8      | XOM: cast spell 'Statue Form'
  5327 | D:8      | Paralysed by something for 3 turns
  5332 | D:8      | Paralysed by something for 6 turns
  5344 | D:8      | Killed Maurice
  5394 | D:8      | Found Maschahuo's Assorted Antiques.
  5403 | D:8      | Bought a warped iron ring for 120 gold pieces
  5403 | D:8      | Bought an iron wand for 96 gold pieces
  5403 | D:8      | Bought a potion of heal wounds for 120 gold pieces
  5408 | D:8      | Identified the ring "Janul" {Ice Int+3} (You bought it in a
                  | shop on level 8 of the Dungeon)
  5823 | D:9      | XOM: harmless Tmut miscast
  6073 | D:9      | XOM: give mutations
  6073 | D:9      | Gained mutation: Your body sometimes deteriorates upon
                  | taking damage. [Xom's mischief]
  6073 | D:9      | Lost mutation: Scrolls take you a little longer to read.
                  | [Xom's mischief]
  6084 | D:9      | Got a twitching iron ring
  6087 | D:9      | Identified the ring of Jiucw {MP+9 Str+2 Dex+2 SInv} (You
                  | found it on level 9 of the Dungeon)
  6135 | D:9      | XOM: noise
  6172 | D:9      | Noticed a two-headed ogre
  6181 | D:9      | Killed a two-headed ogre
  6181 | D:9      | Reached skill level 13 in Unarmed Combat
  6283 | D:9      | Learned a level 1 spell: Summon Small Mammal
  6310 | D:9      | Found a roughly hewn altar of Beogh.
  6383 | D:9      | XOM: harmless Hex miscast
  6384 | D:9      | XOM: summons 5 friendly demons
  6495 | D:9      | Noticed Joseph
  6505 | D:9      | Killed Joseph
  6505 | D:9      | Reached XP level 11. HP: 88/100 MP: 11/11
  6655 | D:10     | Entered Level 10 of the Dungeon
  6668 | D:10     | XOM: 3-stop teleportation journey
  6792 | D:10     | XOM: enchant monster (good)
  6793 | D:10     | XOM: give mutations
  6793 | D:10     | Gained mutation: You have a pair of small antennae on your
                  | head. [Xom's grace]
  6793 | D:10     | Gained mutation: You are partially covered in yellow
                  | scales. (AC +2) [Xom's grace]
  6793 | D:10     | Gained mutation: You are partially covered in rugged brown
                  | scales. (AC +1, +3% HP) [Xom's grace]
  6870 | D:10     | Found a shimmering blue altar of Sif Muna.
  6983 | D:10     | XOM: harmless Ice miscast
  7212 | D:10     | Found a staircase to the Orcish Mines.
  7221 | D:10     | XOM: god gift: 15 stones
  7225 | D:10     | XOM: cloud trail
  7229 | Orc:1    | Entered Level 1 of the Orcish Mines
  7236 | Orc:1    | Noticed an orc sorcerer
  7237 | Orc:1    | Found Gudghunui's Jewellery Shoppe.
  7248 | Orc:1    | Killed from afar by an orc sorcerer

Levels and vault maps discovered:
D:1:      tarquinn_simple_flora_water_d, layout_rooms, cheibriados_altar_1
D:2:      layout_rooms, lemuel_coloured_pillars_altar,
          nicolae_gozag_cash_rules_everything_around_me, lemuel_crystal_altar,
          minmay_splitting_lines
D:3:      layout_basic, first_ration
D:4:      layout_rooms, nicolae_overflow_hidden_temple, fedhas_altar_2
D:5:      wander_river, layout_basic, minivault_11
D:6:      layout_loops_ring, kennysheep_generic_room_15, uniq_sigmund
D:7:      layout_cave_pools, nicolae_qazlal_style_of_elements,
          minmay_temple_entry_sparse_star, enter_bailey_2
D:8:      layout_layer_cave, serial_shops, nicolae_shop_overgrown_old_shop,
          uniq_harold, uniq_maurice
D:9:      layout_roguey [special_room_orc], serial_glass, glass_columns_a,
          glass_columns_b, due_unseen_surprise, item_on_display_a,
          item_on_display_a, grunt_ogre_cave, uniq_joseph
D:10:     layout_gridville, orc_0_dummy, basic_altar
Orc:1:    layout_caves, serial_shops, shop

Skill      XL: |  1  2  3  4  5  6  7  8  9 10 |
---------------+-------------------------------+-----
Dodging        | 2 3 4 5 6 |  6.8
Fighting       | 3 4 |  4.3
Unarmed Combat | 4 5 6 7 9 11 13 | 13.5
Stealth        | 1 2 3 |  3.1
Evocations     | 1 2 |  2.1
Spellcasting   | |  0.1
Summonings     | |  0.1

Action                   |  1- 3 |  4- 6 |  7- 9 | 10-12 || total
-------------------------+-------+-------+-------+-------++-------
Melee: Unarmed           |   108 |   152 |   310 |   206 ||   776
       Punch             |     3 |     2 |    15 |    12 ||    32
       Bite              |       |       |    16 |    20 ||    36
       Kick              |       |       |    12 |    57 ||    69
 Cast: Summon Small Mamm |       |       |       |     2 ||     2
 Abil: Stop Flying       |       |       |       |     1 ||     1
       Evoke Flight      |       |       |       |     1 ||     1
Evoke: Wand              |       |       |    15 |    10 ||    25
  Use: Scroll            |     3 |       |    10 |     3 ||    16
       Potion            |       |     1 |     2 |       ||     3
 Stab: Sleeping          |     1 |       |     5 |     2 ||     8
       Confused          |       |       |     1 |       ||     1
       Paralysed         |       |       |       |     1 ||     1
  Eat: Chunk             |    12 |    11 |    20 |    31 ||    74
       Ration            |       |       |       |     1 ||     1
Armor: Robe              |    50 |    45 |    88 |    52 ||   235
       Skin              |       |       |     1 |    20 ||    21
Dodge: Dodged            |    56 |    58 |   122 |   102 ||   338
Block: Other             |       |       |    48 |    61 ||   109
       Reflection        |       |       |     1 |     8 ||     9
